Sabres vs Hurricanes

Created - Wednesday, March 23, 2016 at 02:12

Goals
1 2 3 T
Sabres 0 1 0 1
Hurricanes 2 1 1 4
Shots
1 2 3 T
Sabres 8 6 14 28
Hurricanes 14 10 7 31

1st period

1. Hurricanes , Thomas Hickey 8 (Jiri Hudler, Kris Versteeg) at 1:37 (PP)
2. Hurricanes , Mike Fisher 21 (Marian Gaborik, Stephane Robidas) at 4:56 (PP)

Penalties :
Sidney Crosby (Buf) for Cross-checking (Minor) at 0:22, Dwight King (Buf) for Interference (Minor) at 3:46, Ryan Kesler (Buf) for Hooking (Minor) at 6:30, Marco Scandella (Car) for Hooking (Minor) at 11:13, Marco Scandella (Car) for Hooking (Minor) at 15:28, Fedor Tyutin (Car) for Holding (Minor) at 17:24

2nd period

3. Sabres , Steven Stamkos 50 (Sidney Crosby) at 0:58 (PP)
4. Hurricanes , Jiri Hudler 55 (Eric Staal) at 18:02 (PP)

Penalties :
Mike Fisher (Car) for Tripping (Minor) at 0:37, Marco Scandella (Car) for High sticking (Minor) at 5:01, Alec Martinez (Buf) for Roughing (Minor) at 17:59

3rd period

5. Hurricanes , Mike Fisher 22 (Stephane Robidas, Marian Gaborik) at 1:44 (PP)

Penalties :
Ryan Kesler (Buf) for Interference (Minor) at 1:40, Stephane Robidas (Car) for Slashing (Minor) at 2:09

Goalie Stats

Ondrej Pavelec (Buf), 27 saves from 31 shots - (0.871), L, 35-14-4, 60:00 minutes
Jonas Hiller (Car), 27 saves from 28 shots - (0.964), W, 27-32-5, 60:00 minutes

Players Stats for Sabres

Player Name              G  A  P  +/- PIM S  H  SB GA TA FO     MP     PP MP  PK MP  
------------------------------------------------------------------------------------
Alec Martinez            0  0  0   0  2   1  0  0  0  2  0/0    21:49   4:22   2:33 
Benoit Pouliot           0  0  0   0  0   0  0  0  0  0  0/0    17:40   5:11   0:00 
Boyd Gordon              0  0  0   0  0   1  0  1  2  0  3/9     9:57   0:00   2:22 
Brooks Orpik             0  0  0   0  0   1  1  2  0  1  0/0    16:56   0:00   1:58 
Chris Higgins            0  0  0   0  0   2  2  0  0  0  1/1    14:30   0:00   2:09 
David Perron             0  0  0   0  0   3  3  0  2  0  1/1    17:40   5:11   0:00 
Dwight King              0  0  0   0  2   1  1  0  2  0  0/0     7:11   0:00   0:00 
Gustav Nyquist           0  0  0   0  0   0  1  0  0  0  0/0    17:53   5:02   0:00 
Jay Bouwmeester          0  0  0   0  0   4  0  1  0  2  0/0    24:30   5:51   1:58 
Matt Stajan              0  0  0   0  0   0  1  0  2  1  0/0     9:57   0:00   2:22 
Nate Schmidt             0  0  0   0  0   1  1  1  0  0  0/0    16:13   0:00   2:33 
Nikita Zadorov           0  0  0   0  0   0  3  1  0  1  0/0    18:33   4:22   0:00 
Pierre-Alexandre Parente 0  0  0   0  0   1  0  0  0  1  0/0    12:21   0:00   0:00 
Rasmus Ristolainen       0  0  0   0  0   0  2  1  0  2  0/0    21:58   5:51   0:00 
Ryan Kesler              0  0  0   0  4   3  0  1  2  0  18/23  18:01   5:11   0:00 
Sidney Crosby            0  1  1   0  2   6  1  0  1  1  11/14  17:52   5:02   0:00 
Steven Stamkos           1  0  1   0  0   3  0  2  4  0  1/1    17:53   5:02   0:00 
Vernon Fiddler           0  0  0   0  0   1  1  2  0  1  3/7    14:30   0:00   2:09 

Players Stats for Hurricanes

Player Name              G  A  P  +/- PIM S  H  SB GA TA FO     MP     PP MP  PK MP  
------------------------------------------------------------------------------------
Brian Flynn              0  0  0   0  0   2  1  1  0  0  2/9    13:44   0:00   4:54 
Eric Staal               0  1  1   0  0   1  2  0  2  0  4/10   13:33   2:00   0:00 
Fedor Tyutin             0  0  0   0  2   1  1  0  0  1  0/0    19:04   0:00   4:51 
Jared Spurgeon           0  0  0   0  0   0  0  0  0  1  0/0    23:56   2:00   6:10 
Jiri Hudler              1  1  2   0  0   4  0  1  2  0  0/0    13:33   2:00   0:00 
Josh Bailey              0  0  0   0  0   0  0  1  0  0  0/0    15:10   2:31   0:00 
Kris Versteeg            0  1  1   0  0   1  0  2  0  0  0/1    13:33   2:00   0:00 
Marco Scandella          0  0  0   0  6   0  0  0  0  2  0/0    19:20   2:31   0:40 
Marian Gaborik           0  2  2   0  0   1  0  1  1  0  1/2    15:10   2:31   0:00 
Martin Hanzal            0  0  0   0  0   1  1  1  1  1  5/14   17:33   0:00   5:19 
Matt Read                0  0  0   0  0   1  1  0  1  0  0/2    16:50   0:00   4:36 
Mike Fisher              2  0  2   0  2   6  2  1  4  0  6/18   15:09   2:31   0:00 
Mike Weaver              0  0  0   0  0   1  0  1  0  1  0/0    18:25   0:00   4:25 
Mikhail Grabovski        0  0  0   0  0   1  0  0  0  0  0/0    10:56   0:00   0:00 
Stephane Robidas         0  2  2   0  2   3  2  1  0  0  0/0    23:20   2:00   4:59 
Stephen Gionta           0  0  0   0  0   4  3  1  2  0  0/0    13:44   0:00   4:54 
Thomas Hickey            1  0  1   0  0   2  2  2  0  3  0/0    18:01   2:31   0:00 
Viktor Stalberg          0  0  0   0  0   2  1  0  1  0  0/0     8:37   0:00   0:00 

3 Stars

1 - Jonas Hiller (Car)
2 - Mike Fisher (Car)
3 - Jiri Hudler (Car)

Power Play

Sabres - 1 on 6 Attempt(s) - 16.67%
Hurricanes - 4 on 5 Attempt(s) - 80.00%

Penalty Kill

Sabres - 1 on 5 Attempt(s) - 20.00% - Score 0 goal in Penalty Kill
Hurricanes - 5 on 6 Attempt(s) - 83.33% - Score 0 goal in Penalty Kill

Team Stat

Sabres - Hits : 17 - Faceoff Wins : 38 - Blocked Shots : 12 - Penalty Minutes : 10
Hurricanes - Hits : 16 - Faceoff Wins : 18 - Blocked Shots : 13 - Penalty Minutes : 12

Official

Referees : Unknown
Linesman : Unknown

Game Notes

No Game Note

Finance

Level 1 -- Attendance: 6000 (100.00%) -- Ticket Income $498,000
Level 2 -- Attendance: 4800 (96.00%) -- Ticket Income $240,000
Level 3 -- Attendance: 1893 (94.65%) -- Ticket Income $56,790
Level 4 -- Attendance: 4000 (100.00%) -- Ticket Income $52,000
Luxury Box -- Attendance: 993 (99.30%) -- Ticket Income $178,740
Game was played at the RBC Arena.
Total Attendance: 17686 (98.26%)
Total Ticket Income: $1,025,530
Other Income: $502,510
Total Income: $1,528,040

Sabres

5 vs 5 Forward 
   Center                   Left Wing                Right Wing               Time % Phy DF OF 
 1 Sidney Crosby            Gustav Nyquist           Steven Stamkos           35     0   2  3  
 2 Ryan Kesler              Benoit Pouliot           David Perron             33     0   2  3  
 3 Vernon Fiddler           Chris Higgins            Pierre-Alexandre Parentea20     1   2  2  
 4 Boyd Gordon              Dwight King              Matt Stajan              12     2   3  0  

5 vs 5 Defense 
   Defense                  Defense                                           Time % Phy DF OF 
 1 Jay Bouwmeester          Brooks Orpik                                      35     1   2  2  
 2 Alec Martinez            Rasmus Ristolainen                                30     1   3  1  
 3 Nikita Zadorov           Nate Schmidt                                      25     3   2  0  
 4 Jay Bouwmeester          Rasmus Ristolainen                                10     0   2  3  

PowerPlay Forward 
   Center                   Left Wing                Right Wing               Time % Phy DF OF 
 1 Sidney Crosby            Gustav Nyquist           Steven Stamkos           57     0   0  5  
 2 Ryan Kesler              Benoit Pouliot           David Perron             43     0   1  4  

PowerPlay Defense
   Defense                  Defense                                           Time % Phy DF OF 
 1 Jay Bouwmeester          Rasmus Ristolainen                                57     0   1  4  
 2 Alec Martinez            Nikita Zadorov                                    43     1   1  3  

Penalty Kill 4 Players Forward 
   Center                   Wing                     Time % Phy DF OF 
 1 Boyd Gordon              Matt Stajan              50     2   3  0  
 2 Vernon Fiddler           Chris Higgins            50     1   4  0  

Penalty Kill 4 Players Defense
   Defense                  Defense                  Time % Phy DF OF 
 1 Jay Bouwmeester          Brooks Orpik             50     1   3  1  
 2 Alec Martinez            Nate Schmidt             50     2   3  0  

Penalty Kill - 3 Players Forward 
   Forward                                           Time % Phy DF OF 
 1 Boyd Gordon                                       50     1   4  0  
 2 Vernon Fiddler                                    50     1   4  0  

Penalty Kill - 3 Players Defense
   Defense                  Defense                  Time % Phy DF OF 
 1 Jay Bouwmeester          Brooks Orpik             50     2   2  1  
 2 Alec Martinez            Nate Schmidt             50     2   2  1  

4 vs 4 Forward 
   Center                   Wing                     Time % Phy DF OF 
 1 Sidney Crosby            Steven Stamkos           57     0   2  3  
 2 Ryan Kesler              Gustav Nyquist           43     1   2  2  

4 vs 4 Defense
   Defense                  Defense                  Time % Phy DF OF 
 1 Jay Bouwmeester          Rasmus Ristolainen       57     1   2  2  
 2 Alec Martinez            Nikita Zadorov           43     1   2  2  

Last Minutes Offensive
   Center                   Left Wing                Right Wing               Defense                  Defense                  
   Sidney Crosby            Gustav Nyquist           Steven Stamkos           Benoit Pouliot           Jay Bouwmeester          

Last Minutes Defensive
   Center                   Left Wing                Right Wing               Defense                  Defense                  
   Boyd Gordon              Vernon Fiddler           Matt Stajan              Jay Bouwmeester          Brooks Orpik             

Goaltenders
Starting : Ondrej Pavelec           
Backup : Karri Ramo               

Extra Forwards
Normal : Benoit Pouliot, Chris Higgins, Steven Stamkos - PP : David Perron, Chris Higgins - PK : Ryan Kesler
Extra Defensemen
Normal : Rasmus Ristolainen, Nikita Zadorov, Alec Martinez - PP : Nate Schmidt - PK : Nikita Zadorov, Rasmus Ristolainen
Penalty Shots
Gustav Nyquist, Sidney Crosby, Pierre-Alexandre Parenteau, Chris Higgins, Vernon Fiddler

Hurricanes

5 vs 5 Forward 
   Center                   Left Wing                Right Wing               Time % Phy DF OF 
 1 Mike Fisher              Josh Bailey              Marian Gaborik           28     0   3  2  
 2 Eric Staal               Kris Versteeg            Jiri Hudler              27     0   3  2  
 3 Martin Hanzal            Mikhail Grabovski        Matt Read                25     0   2  3  
 4 Brian Flynn              Viktor Stalberg          Stephen Gionta           20     0   2  3  

5 vs 5 Defense 
   Defense                  Defense                                           Time % Phy DF OF 
 1 Jared Spurgeon           Stephane Robidas                                  35     0   3  2  
 2 Thomas Hickey            Marco Scandella                                   35     0   3  2  
 3 Fedor Tyutin             Mike Weaver                                       30     1   2  2  
 4 Jared Spurgeon           Stephane Robidas                                  0      0   3  2  

PowerPlay Forward 
   Center                   Left Wing                Right Wing               Time % Phy DF OF 
 1 Mike Fisher              Josh Bailey              Marian Gaborik           50     0   1  4  
 2 Eric Staal               Kris Versteeg            Jiri Hudler              50     0   1  4  

PowerPlay Defense
   Defense                  Defense                                           Time % Phy DF OF 
 1 Jared Spurgeon           Stephane Robidas                                  50     0   1  4  
 2 Thomas Hickey            Marco Scandella                                   50     0   1  4  

Penalty Kill 4 Players Forward 
   Center                   Wing                     Time % Phy DF OF 
 1 Brian Flynn              Stephen Gionta           50     0   4  1  
 2 Martin Hanzal            Matt Read                50     0   4  1  

Penalty Kill 4 Players Defense
   Defense                  Defense                  Time % Phy DF OF 
 1 Fedor Tyutin             Mike Weaver              50     1   4  0  
 2 Jared Spurgeon           Stephane Robidas         50     1   4  0  

Penalty Kill - 3 Players Forward 
   Forward                                           Time % Phy DF OF 
 1 Brian Flynn                                       50     0   5  0  
 2 Martin Hanzal                                     50     0   5  0  

Penalty Kill - 3 Players Defense
   Defense                  Defense                  Time % Phy DF OF 
 1 Fedor Tyutin             Mike Weaver              50     1   4  0  
 2 Jared Spurgeon           Stephane Robidas         50     1   4  0  

4 vs 4 Forward 
   Center                   Wing                     Time % Phy DF OF 
 1 Mike Fisher              Marian Gaborik           50     0   3  2  
 2 Eric Staal               Jiri Hudler              50     0   3  2  

4 vs 4 Defense
   Defense                  Defense                  Time % Phy DF OF 
 1 Jared Spurgeon           Stephane Robidas         50     0   2  3  
 2 Thomas Hickey            Marco Scandella          50     0   2  3  

Last Minutes Offensive
   Center                   Left Wing                Right Wing               Defense                  Defense                  
   Mike Fisher              Jiri Hudler              Marian Gaborik           Jared Spurgeon           Marco Scandella          

Last Minutes Defensive
   Center                   Left Wing                Right Wing               Defense                  Defense                  
   Mike Fisher              Brian Flynn              Stephen Gionta           Fedor Tyutin             Mike Weaver              

Goaltenders
Starting : Jonas Hiller             
Backup : Brian Elliott            

Extra Forwards
Normal : Mike Fisher, Jiri Hudler, Marian Gaborik - PP : Marian Gaborik, Jiri Hudler - PK : Brian Flynn
Extra Defensemen
Normal : Jared Spurgeon, Fedor Tyutin, Stephane Robidas - PP : Fedor Tyutin - PK : Stephane Robidas, Fedor Tyutin
Penalty Shots
Fedor Tyutin, Brian Flynn, Marian Gaborik, Josh Bailey, Jiri Hudler

% Time on Ice - Sabres

Lines # - Real PCT - Wanted PCT - Time Play
Normal Forward
1 - 29% - 35% - 13:14
2 - 28% - 33% - 12:29
3 - 27% - 20% - 12:21
4 - 16% - 12% - 7:12
Normal Defense
1 - 35% - 35% - 15:55
2 - 33% - 30% - 14:55
3 - 30% - 25% - 13:40
4 - 2% - 10% - 0:46
PP Forward
1 - 49% - 57% - 5:02
2 - 51% - 43% - 5:11
PP Defense
1 - 57% - 57% - 5:51
2 - 43% - 43% - 4:22
PK Forward
1 - 52% - 50% - 2:22
2 - 48% - 50% - 2:09
PK Defense
1 - 44% - 50% - 1:58
2 - 56% - 50% - 2:33
PK3 Forward
1 - 0% - 50%
2 - 0% - 50%
PK3 Defense
1 - 0% - 50%
2 - 0% - 50%
44 Forward
1 - 0% - 57%
2 - 0% - 43%
44 Defense
1 - 0% - 57%
2 - 0% - 43%
Last Minute Offensive  - 0:00
Last Minute Defensive  - 0:00
Total
Forward - 60:00
Defense - 60:00

% Time on Ice - Hurricanes

Lines # - Real PCT - Wanted PCT - Time Play
Normal Forward
1 - 28% - 28% - 12:52
2 - 28% - 27% - 12:51
3 - 24% - 25% - 10:56
4 - 19% - 20% - 8:37
Normal Defense
1 - 34% - 35% - 15:27
2 - 36% - 35% - 16:25
3 - 30% - 30% - 13:24
4 - 0% - 0% - 0:00
PP Forward
1 - 56% - 50% - 2:31
2 - 44% - 50% - 2:00
PP Defense
1 - 44% - 50% - 2:00
2 - 56% - 50% - 2:31
PK Forward
1 - 48% - 50% - 4:54
2 - 52% - 50% - 5:16
PK Defense
1 - 43% - 50% - 4:25
2 - 57% - 50% - 5:45
PK3 Forward
1 - 0% - 50% - 0:00
2 - 100% - 50% - 0:03
PK3 Defense
1 - 0% - 50% - 0:00
2 - 100% - 50% - 0:03
44 Forward
1 - 0% - 50%
2 - 0% - 50%
44 Defense
1 - 0% - 50%
2 - 0% - 50%
Last Minute Offensive  - 0:00
Last Minute Defensive  - 0:00
Total
Forward - 60:00
Defense - 60:00

Play by Play

1st period


0:01 of 1st period - Sidney Crosby wins face-off versus Mike Fisher in neutral zone.
0:15 of 1st period - Wrist shot by Josh Bailey.
0:15 of 1st period - Shot Blocked by Brooks Orpik.
0:17 of 1st period - Slapshot by Stephane Robidas.
0:17 of 1st period - Stopped by Ondrej Pavelec with a rebound.
0:19 of 1st period - Slapshot by Stephane Robidas.
0:19 of 1st period - Stopped by Ondrej Pavelec without a rebound.
0:20 of 1st period - Sidney Crosby wins face-off versus Mike Fisher in Sabres zone.
0:22 of 1st period - Minor Penalty to Sidney Crosby for Cross-checking.
0:23 of 1st period - Boyd Gordon wins face-off versus Mike Fisher in Sabres zone.
0:51 of 1st period - Snap shot by Marian Gaborik.
0:51 of 1st period - Shot Misses the Net.
1:01 of 1st period - Jay Bouwmeester is hit by Mike Fisher and loses puck.
1:18 of 1st period - Matt Stajan is hit by Stephane Robidas and loses puck.
1:33 of 1st period - Wrist shot by Kris Versteeg.
1:33 of 1st period - Stopped by Ondrej Pavelec with a rebound.
1:35 of 1st period - Snap shot by Jiri Hudler.
1:35 of 1st period - Stopped by Ondrej Pavelec with a rebound.
1:37 of 1st period - Backhand shot by Thomas Hickey.
1:37 of 1st period - Goal by Thomas Hickey - Sabres : 0 - Hurricanes : 1.
1:38 of 1st period - Ryan Kesler wins face-off versus Martin Hanzal in neutral zone.
1:52 of 1st period - Icing by Rasmus Ristolainen.
1:53 of 1st period - Ryan Kesler wins face-off versus Martin Hanzal in Sabres zone.
2:00 of 1st period - Wrist shot by David Perron.
2:00 of 1st period - Stopped by Jonas Hiller with a rebound.
2:54 of 1st period - Snap shot by Eric Staal.
2:54 of 1st period - Stopped by Ondrej Pavelec with a rebound.
2:56 of 1st period - Snap shot by Kris Versteeg.
2:56 of 1st period - Deflect By Chris Higgins.
2:56 of 1st period - Shot Misses the Net.
2:56 of 1st period - Puck is out of play.
2:57 of 1st period - Brian Flynn wins face-off versus Sidney Crosby in Sabres zone.
3:18 of 1st period - Snap shot by Brian Flynn.
3:18 of 1st period - Shot Misses the Net.
3:20 of 1st period - Snap shot by Stephen Gionta.
3:20 of 1st period - Stopped by Ondrej Pavelec without a rebound.
3:21 of 1st period - Marian Gaborik wins face-off versus Boyd Gordon in Sabres zone.
3:28 of 1st period - Slapshot by Jay Bouwmeester.
3:28 of 1st period - Stopped by Jonas Hiller without a rebound.
3:29 of 1st period - Mike Fisher wins face-off versus Boyd Gordon in Hurricanes zone.
3:46 of 1st period - Minor Penalty to Dwight King for Interference.
3:47 of 1st period - Chris Higgins wins face-off versus Kris Versteeg in Sabres zone.
4:20 of 1st period - Alec Martinez is hit by Eric Staal and loses puck.
4:39 of 1st period - Nate Schmidt is hit by Thomas Hickey and loses puck.
4:56 of 1st period - Snap shot by Mike Fisher.
4:56 of 1st period - Goal by Mike Fisher - Sabres : 0 - Hurricanes : 2.
4:57 of 1st period - Sidney Crosby wins face-off versus Brian Flynn in neutral zone.
5:22 of 1st period - Wrist shot by Viktor Stalberg.
5:22 of 1st period - Stopped by Ondrej Pavelec with a rebound.
5:24 of 1st period - Wrist shot by Stephen Gionta.
5:24 of 1st period - Shot Misses the Net.
5:26 of 1st period - Snap shot by Viktor Stalberg.
5:26 of 1st period - Deflect By Stephen Gionta.
5:26 of 1st period - Stopped by Ondrej Pavelec with a rebound.
5:28 of 1st period - Wrist shot by Brian Flynn.
5:28 of 1st period - Stopped by Ondrej Pavelec with a rebound.
5:30 of 1st period - Snap shot by Stephen Gionta.
5:30 of 1st period - Stopped by Ondrej Pavelec with a rebound.
5:32 of 1st period - Snap shot by Stephane Robidas.
5:32 of 1st period - Shot Misses the Net.
5:34 of 1st period - Slapshot by Jared Spurgeon.
5:34 of 1st period - Shot Blocked by Steven Stamkos.
5:54 of 1st period - Wrist shot by Eric Staal.
5:54 of 1st period - Shot Hit the Post.
5:56 of 1st period - Slapshot by Fedor Tyutin.
5:56 of 1st period - Deflect By Jiri Hudler.
5:56 of 1st period - Shot Misses the Net.
5:56 of 1st period - Puck is out of play.
5:57 of 1st period - Eric Staal wins face-off versus Ryan Kesler in Sabres zone.
6:14 of 1st period - Snap shot by Jiri Hudler.
6:14 of 1st period - Shot Misses the Net.
6:16 of 1st period - Slapshot by Fedor Tyutin.
6:16 of 1st period - Stopped by Ondrej Pavelec with a rebound.
6:30 of 1st period - Minor Penalty to Ryan Kesler for Hooking.
6:31 of 1st period - Vernon Fiddler wins face-off versus Mike Fisher in Sabres zone.
6:50 of 1st period - Snap shot by Marian Gaborik.
6:50 of 1st period - Shot Misses the Net.
8:30 of 1st period - Penalty to Ryan Kesler is over, Ryan Kesler is back on ice.
9:48 of 1st period - Snap shot by Benoit Pouliot.
9:48 of 1st period - Shot Misses the Net.
10:40 of 1st period - Mike Fisher is hit by Rasmus Ristolainen and loses puck.
11:01 of 1st period - Wrist shot by Steven Stamkos.
11:01 of 1st period - Shot Blocked by Mike Fisher.
11:03 of 1st period - Wrist shot by Steven Stamkos.
11:03 of 1st period - Stopped by Jonas Hiller with a rebound.
11:05 of 1st period - Snap shot by Alec Martinez.
11:05 of 1st period - Shot Blocked by Josh Bailey.
11:07 of 1st period - Wrist shot by Gustav Nyquist.
11:07 of 1st period - Shot Blocked by Marian Gaborik.
11:13 of 1st period - Minor Penalty to Marco Scandella for Hooking.
11:14 of 1st period - Ryan Kesler wins face-off versus Matt Read in Hurricanes zone.
12:07 of 1st period - Brian Flynn is hit by Nikita Zadorov and loses puck.
12:14 of 1st period - Nikita Zadorov is hit by Fedor Tyutin and loses puck.
13:13 of 1st period - Penalty to Marco Scandella is over, Marco Scandella is back on ice.
13:32 of 1st period - Icing by Jared Spurgeon.
13:33 of 1st period - Vernon Fiddler wins face-off versus Martin Hanzal in Hurricanes zone.
13:38 of 1st period - Snap shot by Pierre-Alexandre Parenteau.
13:38 of 1st period - Shot Misses the Net.
13:46 of 1st period - Snap shot by Pierre-Alexandre Parenteau.
13:46 of 1st period - Stopped by Jonas Hiller without a rebound.
13:47 of 1st period - Eric Staal wins face-off versus Vernon Fiddler in Hurricanes zone.
13:56 of 1st period - Slapshot by Chris Higgins.
13:56 of 1st period - Shot Blocked by Kris Versteeg.
13:58 of 1st period - Slapshot by Nate Schmidt.
13:58 of 1st period - Stopped by Jonas Hiller without a rebound.
13:59 of 1st period - Boyd Gordon wins face-off versus Eric Staal in Hurricanes zone.
14:02 of 1st period - Slapshot by Dwight King.
14:02 of 1st period - Shot Misses the Net.
14:04 of 1st period - Slapshot by Brooks Orpik.
14:04 of 1st period - Stopped by Jonas Hiller with a rebound.
14:27 of 1st period - Snap shot by Dwight King.
14:27 of 1st period - Stopped by Jonas Hiller with a rebound.
14:35 of 1st period - Slapshot by Jay Bouwmeester.
14:35 of 1st period - Shot Blocked by Jiri Hudler.
15:28 of 1st period - Minor Penalty to Marco Scandella for Hooking.
15:29 of 1st period - Steven Stamkos wins face-off versus Brian Flynn in Hurricanes zone.
15:45 of 1st period - Martin Hanzal is hit by Sidney Crosby.
15:53 of 1st period - Snap shot by Sidney Crosby.
15:53 of 1st period - Stopped by Jonas Hiller with a rebound.
16:37 of 1st period - Snap shot by Ryan Kesler.
16:37 of 1st period - Deflect By Matt Read.
16:37 of 1st period - Shot Blocked by Martin Hanzal.
16:37 of 1st period - Puck is out of play.
16:38 of 1st period - Martin Hanzal wins face-off versus Ryan Kesler in Hurricanes zone.
17:24 of 1st period - Minor Penalty to Fedor Tyutin for Holding.
17:25 of 1st period - Martin Hanzal wins face-off versus Ryan Kesler in Hurricanes zone.
17:28 of 1st period - Penalty to Marco Scandella is over, Marco Scandella is back on ice.
17:33 of 1st period - Jared Spurgeon is hit by Rasmus Ristolainen and loses puck.
18:27 of 1st period - Benoit Pouliot is hit by Brian Flynn.
18:28 of 1st period - Icing by Benoit Pouliot.
18:29 of 1st period - Ryan Kesler wins face-off versus Martin Hanzal in Sabres zone.
18:50 of 1st period - Snap shot by Matt Read.
18:50 of 1st period - Stopped by Ondrej Pavelec without a rebound.
18:51 of 1st period - Sidney Crosby wins face-off versus Brian Flynn in Sabres zone.
19:24 of 1st period - Penalty to Fedor Tyutin is over, Fedor Tyutin is back on ice.
Goals for this period are 0 for Sabres vs 2 for Hurricanes.
Shots for this period are 8 for Sabres vs 14 for Hurricanes.

2nd period


0:01 of 2nd period - Ryan Kesler wins face-off versus Martin Hanzal in neutral zone.
0:14 of 2nd period - Wrist shot by Ryan Kesler.
0:14 of 2nd period - Shot Misses the Net.
0:16 of 2nd period - Slapshot by Jay Bouwmeester.
0:16 of 2nd period - Deflect By Martin Hanzal.
0:16 of 2nd period - Stopped by Jonas Hiller without a rebound.
0:17 of 2nd period - Ryan Kesler wins face-off versus Martin Hanzal in Hurricanes zone.
0:30 of 2nd period - Slapshot by David Perron.
0:30 of 2nd period - Stopped by Jonas Hiller without a rebound.
0:31 of 2nd period - Sidney Crosby wins face-off versus Mike Fisher in Hurricanes zone.
0:37 of 2nd period - Minor Penalty to Mike Fisher for Tripping.
0:38 of 2nd period - Sidney Crosby wins face-off versus Brian Flynn in Hurricanes zone.
0:54 of 2nd period - Wrist shot by Sidney Crosby.
0:54 of 2nd period - Stopped by Jonas Hiller without a rebound.
0:55 of 2nd period - Sidney Crosby wins face-off versus Martin Hanzal in Hurricanes zone.
0:58 of 2nd period - Snap shot by Steven Stamkos.
0:58 of 2nd period - Goal by Steven Stamkos - Sabres : 1 - Hurricanes : 2.
0:59 of 2nd period - Mike Fisher wins face-off versus Ryan Kesler in neutral zone.
1:04 of 2nd period - Wrist shot by Josh Bailey.
1:04 of 2nd period - Shot Misses the Net.
1:54 of 2nd period - Steven Stamkos is hit by Martin Hanzal and loses puck.
2:34 of 2nd period - Slapshot by Stephen Gionta.
2:34 of 2nd period - Stopped by Ondrej Pavelec with a rebound.
2:36 of 2nd period - Snap shot by Stephen Gionta.
2:36 of 2nd period - Shot Misses the Net.
3:14 of 2nd period - Fedor Tyutin is hit by Matt Stajan and loses puck.
3:33 of 2nd period - Snap shot by Boyd Gordon.
3:33 of 2nd period - Shot Misses the Net.
3:35 of 2nd period - Backhand shot by Matt Stajan.
3:35 of 2nd period - Shot Blocked by Mike Weaver.
3:37 of 2nd period - Slapshot by Boyd Gordon.
3:37 of 2nd period - Stopped by Jonas Hiller without a rebound.
3:38 of 2nd period - Ryan Kesler wins face-off versus Mike Fisher in Hurricanes zone.
3:45 of 2nd period - Snap shot by Ryan Kesler.
3:45 of 2nd period - Shot Misses the Net.
4:19 of 2nd period - Mike Fisher is hit by Nikita Zadorov and loses puck.
4:50 of 2nd period - Wrist shot by Mikhail Grabovski.
4:50 of 2nd period - Stopped by Ondrej Pavelec with a rebound.
5:01 of 2nd period - Minor Penalty to Marco Scandella for High sticking.
5:02 of 2nd period - Brian Flynn wins face-off versus Sidney Crosby in Hurricanes zone.
5:13 of 2nd period - Wrist shot by Sidney Crosby.
5:13 of 2nd period - Stopped by Jonas Hiller without a rebound.
5:14 of 2nd period - Sidney Crosby wins face-off versus Brian Flynn in Hurricanes zone.
6:17 of 2nd period - Martin Hanzal is hit by David Perron and loses puck.
7:01 of 2nd period - Penalty to Marco Scandella is over, Marco Scandella is back on ice.
7:17 of 2nd period - Backhand shot by Josh Bailey.
7:17 of 2nd period - Shot Blocked by Jay Bouwmeester.
7:40 of 2nd period - Marian Gaborik is hit by Vernon Fiddler and loses puck.
9:24 of 2nd period - Snap shot by Brian Flynn.
9:24 of 2nd period - Stopped by Ondrej Pavelec without a rebound.
9:25 of 2nd period - Ryan Kesler wins face-off versus Mike Fisher in Sabres zone.
9:32 of 2nd period - Snap shot by Mike Fisher.
9:32 of 2nd period - Stopped by Ondrej Pavelec without a rebound.
9:33 of 2nd period - Ryan Kesler wins face-off versus Mike Fisher in Sabres zone.
10:39 of 2nd period - Snap shot by Brian Flynn.
10:39 of 2nd period - Shot Misses the Net.
10:41 of 2nd period - Slapshot by Thomas Hickey.
10:41 of 2nd period - Stopped by Ondrej Pavelec with a rebound.
11:59 of 2nd period - Wrist shot by Jiri Hudler.
11:59 of 2nd period - Shot Blocked by Steven Stamkos.
12:01 of 2nd period - Snap shot by Jiri Hudler.
12:01 of 2nd period - Stopped by Ondrej Pavelec without a rebound.
12:02 of 2nd period - Mike Fisher wins face-off versus Vernon Fiddler in Sabres zone.
12:47 of 2nd period - Chris Higgins is hit by Stephen Gionta and loses puck.
13:50 of 2nd period - Wrist shot by Martin Hanzal.
13:50 of 2nd period - Deflect By Mikhail Grabovski.
13:50 of 2nd period - Shot Misses the Net.
13:50 of 2nd period - Puck is out of play.
13:51 of 2nd period - Martin Hanzal wins face-off versus Boyd Gordon in Sabres zone.
13:54 of 2nd period - Wrist shot by Martin Hanzal.
13:54 of 2nd period - Stopped by Ondrej Pavelec with a rebound.
13:56 of 2nd period - Slapshot by Matt Read.
13:56 of 2nd period - Shot Misses the Net.
13:58 of 2nd period - Slapshot by Mike Weaver.
13:58 of 2nd period - Stopped by Ondrej Pavelec with a rebound.
14:00 of 2nd period - Slapshot by Fedor Tyutin.
14:00 of 2nd period - Shot Blocked by Rasmus Ristolainen.
14:02 of 2nd period - Snap shot by Matt Read.
14:02 of 2nd period - Deflect By Martin Hanzal.
14:02 of 2nd period - Shot Blocked by Boyd Gordon.
14:02 of 2nd period - Puck is out of play.
14:03 of 2nd period - Boyd Gordon wins face-off versus Mike Fisher in Sabres zone.
14:34 of 2nd period - Snap shot by Mike Fisher.
14:34 of 2nd period - Stopped by Ondrej Pavelec with a rebound.
14:36 of 2nd period - Backhand shot by Josh Bailey.
14:36 of 2nd period - Shot Misses the Net.
15:22 of 2nd period - Chris Higgins is hit by Matt Read and loses puck.
15:33 of 2nd period - Snap shot by Vernon Fiddler.
15:33 of 2nd period - Deflect By Pierre-Alexandre Parenteau.
15:33 of 2nd period - Shot Misses the Net.
15:33 of 2nd period - Puck is out of play.
15:34 of 2nd period - Ryan Kesler wins face-off versus Eric Staal in Hurricanes zone.
15:54 of 2nd period - Nate Schmidt is hit by Stephane Robidas and loses puck.
16:57 of 2nd period - Mike Weaver is hit by Nikita Zadorov and loses puck.
17:42 of 2nd period - Off-side.
17:43 of 2nd period - Martin Hanzal wins face-off versus Boyd Gordon in neutral zone.
17:59 of 2nd period - Minor Penalty to Alec Martinez for Roughing.
18:00 of 2nd period - Eric Staal wins face-off versus Boyd Gordon in Sabres zone.
18:02 of 2nd period - Slapshot by Jiri Hudler.
18:02 of 2nd period - Goal by Jiri Hudler - Sabres : 1 - Hurricanes : 3.
18:03 of 2nd period - Ryan Kesler wins face-off versus Martin Hanzal in neutral zone.
18:16 of 2nd period - Snap shot by Ryan Kesler.
18:16 of 2nd period - Shot Misses the Net.
19:06 of 2nd period - Alec Martinez is hit by Eric Staal and loses puck.
19:53 of 2nd period - Alec Martinez is hit by Thomas Hickey and loses puck.
Goals for this period are 1 for Sabres vs 1 for Hurricanes.
Shots for this period are 6 for Sabres vs 10 for Hurricanes.

3rd period


0:01 of 3rd period - Martin Hanzal wins face-off versus Ryan Kesler in neutral zone.
0:24 of 3rd period - Snap shot by Ryan Kesler.
0:24 of 3rd period - Stopped by Jonas Hiller without a rebound.
0:25 of 3rd period - Sidney Crosby wins face-off versus Eric Staal in Hurricanes zone.
0:28 of 3rd period - Wrist shot by Steven Stamkos.
0:28 of 3rd period - Stopped by Jonas Hiller without a rebound.
0:29 of 3rd period - Sidney Crosby wins face-off versus Eric Staal in Hurricanes zone.
1:22 of 3rd period - Icing by Alec Martinez.
1:23 of 3rd period - Ryan Kesler wins face-off versus Martin Hanzal in Sabres zone.
1:38 of 3rd period - Wrist shot by Martin Hanzal.
1:38 of 3rd period - Shot Blocked by Ryan Kesler.
1:40 of 3rd period - Minor Penalty to Ryan Kesler for Interference.
1:41 of 3rd period - Mike Fisher wins face-off versus Vernon Fiddler in Sabres zone.
1:42 of 3rd period - Wrist shot by Marian Gaborik.
1:42 of 3rd period - Stopped by Ondrej Pavelec with a rebound.
1:44 of 3rd period - Wrist shot by Stephane Robidas.
1:44 of 3rd period - Deflect By Mike Fisher.
1:44 of 3rd period - Goal by Mike Fisher - Sabres : 1 - Hurricanes : 4.
1:45 of 3rd period - Ryan Kesler wins face-off versus Mike Fisher in neutral zone.
2:09 of 3rd period - Minor Penalty to Stephane Robidas for Slashing.
2:10 of 3rd period - Sidney Crosby wins face-off versus Brian Flynn in Hurricanes zone.
2:29 of 3rd period - Snap shot by Sidney Crosby.
2:29 of 3rd period - Stopped by Jonas Hiller with a rebound.
3:14 of 3rd period - Mike Weaver is hit by David Perron.
3:37 of 3rd period - Jared Spurgeon is hit by Gustav Nyquist and loses puck.
4:09 of 3rd period - Penalty to Stephane Robidas is over, Stephane Robidas is back on ice.
4:33 of 3rd period - Marco Scandella is hit by Dwight King and loses puck.
4:44 of 3rd period - Snap shot by Dwight King.
4:44 of 3rd period - Shot Blocked by Kris Versteeg.
4:46 of 3rd period - Slapshot by Brooks Orpik.
4:46 of 3rd period - Shot Misses the Net.
4:48 of 3rd period - Slapshot by Jay Bouwmeester.
4:48 of 3rd period - Stopped by Jonas Hiller without a rebound.
4:49 of 3rd period - Mike Fisher wins face-off versus Vernon Fiddler in Hurricanes zone.
5:04 of 3rd period - Snap shot by Chris Higgins.
5:04 of 3rd period - Stopped by Jonas Hiller without a rebound.
5:05 of 3rd period - Vernon Fiddler wins face-off versus Mike Fisher in Hurricanes zone.
5:08 of 3rd period - Snap shot by Pierre-Alexandre Parenteau.
5:08 of 3rd period - Shot Misses the Net.
5:14 of 3rd period - Snap shot by Mike Fisher.
5:14 of 3rd period - Shot Blocked by Nate Schmidt.
5:28 of 3rd period - Slapshot by Mike Fisher.
5:28 of 3rd period - Stopped by Ondrej Pavelec with a rebound.
5:30 of 3rd period - Slapshot by Marco Scandella.
5:30 of 3rd period - Shot Blocked by Vernon Fiddler.
5:32 of 3rd period - Snap shot by Marian Gaborik.
5:32 of 3rd period - Shot Blocked by Nikita Zadorov.
5:34 of 3rd period - Slapshot by Marian Gaborik.
5:34 of 3rd period - Shot Misses the Net.
5:36 of 3rd period - Snap shot by Mike Fisher.
5:36 of 3rd period - Stopped by Ondrej Pavelec with a rebound.
6:03 of 3rd period - Slapshot by Sidney Crosby.
6:03 of 3rd period - Shot Misses the Net.
6:05 of 3rd period - Slapshot by Alec Martinez.
6:05 of 3rd period - Deflect By Sidney Crosby.
6:05 of 3rd period - Stopped by Jonas Hiller with a rebound.
6:07 of 3rd period - Slapshot by Alec Martinez.
6:07 of 3rd period - Shot Misses the Net.
6:09 of 3rd period - Snap shot by Alec Martinez.
6:09 of 3rd period - Stopped by Jonas Hiller without a rebound.
6:10 of 3rd period - David Perron wins face-off versus Matt Read in Hurricanes zone.
6:51 of 3rd period - Martin Hanzal is hit by Brooks Orpik.
7:03 of 3rd period - Jay Bouwmeester is hit by Stephen Gionta and loses puck.
7:16 of 3rd period - Wrist shot by Sidney Crosby.
7:16 of 3rd period - Deflect By Steven Stamkos.
7:16 of 3rd period - Shot Misses the Net.
7:16 of 3rd period - Puck is out of play.
7:17 of 3rd period - Mike Fisher wins face-off versus Boyd Gordon in Hurricanes zone.
7:49 of 3rd period - Nate Schmidt is hit by Mike Fisher and loses puck.
8:16 of 3rd period - Slapshot by Sidney Crosby.
8:16 of 3rd period - Shot Blocked by Stephen Gionta.
8:18 of 3rd period - Wrist shot by Sidney Crosby.
8:18 of 3rd period - Stopped by Jonas Hiller with a rebound.
8:20 of 3rd period - Slapshot by Jay Bouwmeester.
8:20 of 3rd period - Shot Blocked by Stephane Robidas.
8:22 of 3rd period - Slapshot by Brooks Orpik.
8:22 of 3rd period - Shot Misses the Net.
8:56 of 3rd period - Marco Scandella is hit by Chris Higgins and loses puck.
9:41 of 3rd period - Wrist shot by Martin Hanzal.
9:41 of 3rd period - Shot Blocked by Vernon Fiddler.
10:02 of 3rd period - Wrist shot by Mikhail Grabovski.
10:02 of 3rd period - Shot Hit the Post.
10:32 of 3rd period - Wrist shot by Brian Flynn.
10:32 of 3rd period - Shot Blocked by Brooks Orpik.
11:22 of 3rd period - Snap shot by Ryan Kesler.
11:22 of 3rd period - Stopped by Jonas Hiller with a rebound.
11:24 of 3rd period - Slapshot by Alec Martinez.
11:24 of 3rd period - Deflect By David Perron.
11:24 of 3rd period - Shot Blocked by Thomas Hickey.
11:24 of 3rd period - Puck is out of play.
11:25 of 3rd period - Eric Staal wins face-off versus Sidney Crosby in Hurricanes zone.
11:42 of 3rd period - Snap shot by Jiri Hudler.
11:42 of 3rd period - Shot Misses the Net.
12:28 of 3rd period - Snap shot by Dwight King.
12:28 of 3rd period - Shot Blocked by Thomas Hickey.
12:40 of 3rd period - Brian Flynn is hit by Nate Schmidt and loses puck.
12:59 of 3rd period - Slapshot by Viktor Stalberg.
12:59 of 3rd period - Stopped by Ondrej Pavelec with a rebound.
13:26 of 3rd period - Slapshot by Stephane Robidas.
13:26 of 3rd period - Deflect By Boyd Gordon.
13:26 of 3rd period - Stopped by Ondrej Pavelec without a rebound.
13:27 of 3rd period - Ryan Kesler wins face-off versus Marian Gaborik in Sabres zone.
13:31 of 3rd period - Off-side.
13:32 of 3rd period - Ryan Kesler wins face-off versus Mike Fisher in neutral zone.
13:35 of 3rd period - Marian Gaborik is hit by David Perron and loses puck.
13:40 of 3rd period - Slapshot by David Perron.
13:40 of 3rd period - Stopped by Jonas Hiller with a rebound.
13:42 of 3rd period - Snap shot by Benoit Pouliot.
13:42 of 3rd period - Shot Misses the Net.
13:44 of 3rd period - Snap shot by Ryan Kesler.
13:44 of 3rd period - Stopped by Jonas Hiller without a rebound.
13:45 of 3rd period - Ryan Kesler wins face-off versus Eric Staal in Hurricanes zone.
16:16 of 3rd period - Wrist shot by Chris Higgins.
16:16 of 3rd period - Shot Misses the Net.
16:18 of 3rd period - Slapshot by Jay Bouwmeester.
16:18 of 3rd period - Deflect By Stephen Gionta.
16:18 of 3rd period - Stopped by Jonas Hiller with a rebound.
16:20 of 3rd period - Backhand shot by Jay Bouwmeester.
16:20 of 3rd period - Shot Blocked by Brian Flynn.
16:28 of 3rd period - Snap shot by Vernon Fiddler.
16:28 of 3rd period - Shot Misses the Net.
16:30 of 3rd period - Wrist shot by Brooks Orpik.
16:30 of 3rd period - Shot Misses the Net.
16:34 of 3rd period - Snap shot by Vernon Fiddler.
16:34 of 3rd period - Stopped by Jonas Hiller without a rebound.
16:35 of 3rd period - Ryan Kesler wins face-off versus Eric Staal in Hurricanes zone.
18:23 of 3rd period - Snap shot by Josh Bailey.
18:23 of 3rd period - Shot Misses the Net.
18:31 of 3rd period - Marian Gaborik is hit by Chris Higgins and loses puck.
18:36 of 3rd period - Snap shot by Chris Higgins.
18:36 of 3rd period - Stopped by Jonas Hiller without a rebound.
18:37 of 3rd period - Ryan Kesler wins face-off versus Brian Flynn in Hurricanes zone.
18:46 of 3rd period - Brooks Orpik is hit by Stephen Gionta and loses puck.
19:15 of 3rd period - Alec Martinez is hit by Viktor Stalberg and loses puck.
19:56 of 3rd period - Wrist shot by Jiri Hudler.
19:56 of 3rd period - Stopped by Ondrej Pavelec with a rebound.
Goals for this period are 0 for Sabres vs 1 for Hurricanes.
Shots for this period are 14 for Sabres vs 7 for Hurricanes.